AoeStats
← nonoleboss

Arabia

509888631Analyzed
1v1 RM · 4d ago on Sep 28, 2026· 57m 40s· 2 players
Game mode
Random Map
Map size
Tiny (2 player)
Population
200
Speed
Normal
Resources
Standard
Victory
Conquest
Starting age
Dark Age
Ending age
Imperial Age
RankedLock teamsTeams togetherTeam positionsShared explorationLock speedFull tech treeHidden civsTurbo modeCheats
Victory
Defeat
🇺🇸 Aztecs · United States
1459
+13
🇫🇷 Inca · France
1385
-13
nonoleboss
6:44 Loom
9:30 Feudal Age
9:47 Champi Runner
10:18 Double-Bit Axe
15:18 Horse Collar
16:59 Fletching
17:31 Forging
20:09 Scale Mail Armor
20:56 Arson
25:06 Castle Age
25:17 Champi Warrior
25:26 Champi Warrior
26:35 Squires
28:28 Chain Mail Armor
31:10 Bodkin Arrow
37:21 Ballistics
39:49 Bow Saw
39:39 Heavy Plow
43:36 Imperial Age
42:40 Padded Archer Armor
43:53 Andean Sling
44:51 Bracer
45:33 Elite Champi Warrior
47:04 Plate Mail Armor
46:53 Town Watch
50:20 Conscription
50:40 Fabric Shields
53:58 Leather Archer Armor
54:18 Iron Casting
54:31 Wheelbarrow
56:38 Crossbowman
57:24 Thumb Ring
FrozenFlame1973
7:20 Loom
9:20 Feudal Age
9:36 Man-at-Arms
10:14 Double-Bit Axe
15:30 Scale Mail Armor
18:55 Forging
22:38 Castle Age
23:24 Squires
26:50 Horse Collar
29:06 Fletching
32:29 Chain Mail Armor
35:08 Bodkin Arrow
40:30 Wheelbarrow
39:41 Town Watch
41:54 Hand Cart
45:04 Imperial Age
42:38 Heavy Plow
42:43 Padded Archer Armor
43:49 Ballistics
43:02 Crossbowman
44:02 Leather Archer Armor
44:24 Iron Casting
43:49 Gold Mining
47:35 Chemistry
46:42 Siege Engineers
46:17 Arbalester
47:01 Bracer
49:32 Plate Mail Armor
50:10 Gambesons
50:11 Arson
49:47 Eagle Warrior
49:48 Long Swordsman
51:23 Conscription
51:26 Garland Wars
51:25 Two-Handed Swordsman
53:08 Blast Furnace
52:21 Champion
56:50 Elite Skirmisher
57:20 Elite Eagle Warrior
Connection lost

Rejoining the realm…

Still unreachable

The connection could not be restored.

Session expired

The server has moved on; the page needs a fresh start.